cohdb
Replays
Latest Replays
All Replays
Popular Replays
Top Player Replays
Match Explorer
How It Works
Community
CoH3 Stats
Reddit
Sign in to upload your games and track your stats! →
Sign in with Steam
Match 46087694
Unlisted
Match 46087694
Overview
Messages
Build Orders
End
Kradschützen Motorcycle Team
Selects Italian Infantry
Panzergrenadier Squad
Panzergrenadier Squad
Construct Light Support Kompanie
Assault Grenadier Squad
2.5-tonne Medical Truck
Construct Mechanized Kompanie
Selects Guastatori Squad
8 Rad Armored Car
woof_raff
LEDGEZEN
nathan.vm
Indigo_Flame
fondu3
Gobbz
0
0
Comments
sign in to comment!
No comments posted yet!